 Dungeon Crawl Stone Soup version 0.29.0-5-ge4962eb29e (webtiles) character file.

Game seed: 14990079430357929757

702748 ShnitzelX2 the Corrupter of Planes (level 27, -21/228 HPs)
             Began as a Gnoll Abyssal Knight on Aug 27, 2022.
             Was the Champion of Lugonu.
             Demolished by an Orb Guardian (35 damage)
             ... on level 5 of the Realm of Zot on Aug 28, 2022.
             The game lasted 07:13:00 (98516 turns).

ShnitzelX2 the Corrupter of Planes (GnAK)          Turns: 98516, Time: 07:13:00

Health: -21/228    AC: 34    Str: 17      XL:     27
Magic:  48/52      EV: 20    Int: 26 (28) God:    Lugonu [******]
Gold:   2395       SH: 20    Dex: 10 (15) Spells: 0/66 levels left

rFire   + + +      SeeInvis +   a - +9 hand axe "Avvaemm" {freeze, Str-2 Int+6 Stlth-}
rCold   + . .      Faith    .   S - +0 tower shield of the Midnight Sun {Will++ Regen+ rCorr Stlth-}
rNeg    . . .      Spirit   .   I - +8 scale mail of Hide-and-Seek {rElec rC+ Int+2}
rPois   +          Reflect  .   v - +3 crown of Dyrovepreva {rElec Int+2 SInv}
rElec   +          Harm     .   O - +2 cloak of Green Contentment {rElec rPois Will+}
rCorr   +          Rampage  .   E - +2 pair of gloves {hurl}
Will    +++++                   P - +2 pair of boots of Cuci {Int+3}
Stlth   +++++.....              e - amulet of magic regeneration
HPRegen 1.28/turn               Y - ring "Piunun" {Wiz Slay+5 Stlth+}
MPRegen 0.73/turn               s - ring "Lemitunt" {*Slow rPois rF+++ Will+ EV+4}

@: marked, slowed, very slow
A: fangs 1, strong nose, distributed training, antennae 1, high MP 1,
strong-willed 1, sense surroundings 1, poison resistance, sturdy frame 1
}: 5/15 runes: serpentine, barnacled, slimy, silver, abyssal
a: Renounce Religion, Depart the Abyss, Bend Space, Banish, Corrupt, Enter the
Abyss, Brand Weapon With Distortion


You were on level 5 of the Realm of Zot.
You worshipped Lugonu.
Lugonu was exalted by your worship.
You visited 15 branches of the dungeon, and saw 64 of its levels.
You visited the Abyss 3 times.

You collected 10466 gold pieces.
You spent 8071 gold pieces at shops.

Inventory:

Hand Weapons
 a - the +9 hand axe "Avvaemm" (weapon) {freeze, Str-2 Int+6 Stlth-}
   (You found it on level 3 of the Lair of Beasts)

   It freezes those it strikes, dealing additional cold damage.
   It can also slow down cold-blooded creatures.
   Str:       It affects your strength (-2).
   Int:       It affects your intelligence (+6).
   Stlth:     It makes you less stealthy.
 b - a +8 sling of flaming
 w - the +8 long sword of Action {holy, rF+ Dex+3}
   (You found it on level 4 of the Vaults)

   It has been blessed by the Shining One to cause great damage to the undead
   and demons.
   Dex:       It affects your dexterity (+3).
   rF:        It protects you from fire.
 B - a +1 antimagic hand axe
Missiles
 u - 17 silver javelins (quivered)
 x - 7 throwing nets
Armour
 g - a +2 pair of boots of flying
 v - the +3 crown of Dyrovepreva (worn) {rElec Int+2 SInv}
   (You found it on level 5 of the Vaults)

   Int:       It affects your intelligence (+2).
   rElec:     It insulates you from electricity.
   SInv:      It lets you see invisible.
 E - a +2 pair of gloves of hurling (worn)
 I - the +8 scale mail of Hide-and-Seek (worn) {rElec rC+ Int+2}
   (You bought it in a shop on level 2 of the Orcish Mines)

   Int:       It affects your intelligence (+2).
   rC:        It protects you from cold.
   rElec:     It insulates you from electricity.
 O - the +2 cloak of Green Contentment (worn) {rElec rPois Will+}
   (You bought it in a shop on level 7 of the Dungeon)

   rElec:     It insulates you from electricity.
   rPois:     It protects you from poison.
   Will:      It increases your willpower.
 P - the +2 pair of boots of Cuci (worn) {Int+3}
   (You found it on level 9 of the Dungeon)

   Int:       It affects your intelligence (+3).
 S - the +0 tower shield of the Midnight Sun (worn) {Will++ Regen+ rCorr Stlth-}
   (You acquired it on level 13 of the Dungeon)

   Regen:     It increases your rate of health regeneration.
   rCorr:     It protects you from acid and corrosion.
   Will:      It greatly increases your willpower.
   Stlth:     It makes you less stealthy.
Jewellery
 e - an amulet of magic regeneration (around neck)
 l - a ring of protection from cold
 s - the ring "Lemitunt" (right hand) {*Slow rPois rF+++ Will+ EV+4}
   (You bought it in a shop on level 3 of the Snake Pit)

   [ring of evasion]

   EV:        It affects your evasion (+4).
   rF:        It renders you almost immune to fire.
   rPois:     It protects you from poison.
   *Slow:     It may slow you when you take damage.
   Will:      It increases your willpower.
 A - the ring of Cexued {Fire Dex+4 Stlth+}
   (You found it on level 5 of the Dungeon)

   [ring of fire]

   It enhances your fire magic.
   Dex:       It affects your dexterity (+4).
   rF:        It protects you from fire.
   rC:        It makes you vulnerable to cold.
   Stlth:     It makes you more stealthy.
 C - a ring of positive energy
 R - an amulet of reflection
 W - a +6 ring of intelligence
 Y - the ring "Piunun" (left hand) {Wiz Slay+5 Stlth+}
   (You found it on level 5 of the Pits of Slime)

   [ring of wizardry]

   It improves your spell success rate.
   Slay:      It affects your accuracy & damage with ranged weapons and melee
   (+5).
   Stlth:     It makes you more stealthy.
Wands
 y - a wand of quicksilver (3)
 z - a wand of digging (8)
 D - a wand of iceblast (21)
 K - a wand of charming (24)
Scrolls
 f - 2 scrolls of magic mapping
 h - 12 scrolls of poison
 p - 13 scrolls of teleportation
 r - 13 scrolls of vulnerability
 t - 7 scrolls of silence
 G - a scroll of enchant weapon
 J - 9 scrolls of fog
 V - 9 scrolls of immolation
Potions
 c - 20 potions of curing
 i - 5 potions of magic
 j - 7 potions of brilliance
 m - 8 potions of mutation
 n - 6 potions of resistance
 o - 9 potions of heal wounds
 q - 10 potions of lignification
 H - 10 potions of might
 Q - 3 potions of berserk rage
 T - 2 potions of ambrosia
 U - 2 potions of invisibility
 Z - 15 potions of haste
Miscellaneous
 d - a tin of tremorstones (2/2)
 k - the horn of Geryon (inert)
 F - a phial of floods
 L - a lightning rod (4/4)
 M - a condenser vane
 N - a box of beasts


   Skills:
 + Level 21.2 Fighting
 + Level 20.4 Short Blades
 + Level 20.4 Long Blades
 + Level 20.8 Axes
 + Level 20.4 Maces & Flails
 + Level 20.4 Polearms
 + Level 20.4 Staves
 + Level 20.4 Ranged Weapons
 + Level 20.4 Throwing
 + Level 20.8 Armour
 + Level 20.6 Dodging
 + Level 20.4 Stealth
 + Level 20.4 Shields
 + Level 20.4 Unarmed Combat
 + Level 20.4 Spellcasting
 + Level 17.5 Conjurations
 + Level 17.5 Hexes
 + Level 17.5 Summonings
 + Level 17.5 Necromancy
 + Level 17.5 Translocations
 + Level 17.5 Transmutations
 + Level 17.5 Fire Magic
 + Level 17.5 Ice Magic
 + Level 17.5 Air Magic
 + Level 17.5 Earth Magic
 + Level 17.5 Poison Magic
 + Level 22.4 Invocations
 + Level 20.4 Evocations


You couldn't memorise any spells.
You knew the following spells:

 Your Spells              Type           Power      Damage    Failure   Level
a - Lightning Bolt        Conj/Air       43%        1d63      1%          5
b - Ignition              Fire           43%        3d13      10%         8
c - Necromutation         Tmut/Necr      43%        N/A       10%         8
d - Inner Flame           Hex/Fire       87%        N/A       0%          3
e - Maxwell's Capacitive  Air            43%        ∞         10%         8
f - Blink                 Tloc           100%       N/A       0%          2
g - Starburst             Conj/Fire      43%        6d12      1%          6
h - Freezing Cloud        Conj/Ice/Air   43%        6-21      1%          5
i - Dispel Undead         Necr           87%        3d28      1%          4
j - Yara's Violent Unrav  Hex/Tmut       43%        3d17      1%          5
k - Death Channel         Necr           43%        N/A       1%          6
m - Iron Shot             Conj/Erth      43%        9d8       1%          6

Your spell library contained the following spells:

 Spells                   Type           Power      Damage    Failure   Level
 Apportation              Tloc           100%       N/A       0%          1
 Beastly Appendage        Tmut           100%       N/A       0%          1
 Freeze                   Ice            100%       1d11      0%          1
 Magic Dart               Conj           100%       1d8       0%          1
 Necrotise                Necr           100%       1d9       0%          1
 Shock                    Conj/Air       100%       1d9       0%          1
 Summon Small Mammal      Summ           100%       N/A       0%          1
 Call Imp                 Summ           87%        N/A       0%          2
 Ensorcelled Hibernation  Hex/Ice        100%       N/A       0%          2
 Poisonous Vapours        Pois/Air       100%       N/A       0%          2
 Scorch                   Fire           100%       2d10      0%          2
 Searing Ray              Conj           100%       2d8       0%          2
 Static Discharge         Conj/Air       87%        3-14/arc  0%          2
 Wereblood                Tmut           87%        N/A       0%          2
 Call Canine Familiar     Summ           87%        N/A       0%          3
 Confusing Touch          Hex            87%        N/A       0%          3
 Conjure Flame            Conj/Fire      87%        6-21      0%          3
 Frozen Ramparts          Ice            100%       1d16      0%          3
 Gell's Gravitas          Tloc           87%        N/A       0%          3
 Ignite Poison            Fire/Tmut/Pois 87%        N/A       0%          3
 Lesser Beckoning         Tloc           87%        N/A       0%          3
 Mephitic Cloud           Conj/Pois/Air  87%        N/A       0%          3
 Ozocubu's Armour         Ice            87%        N/A       0%          3
 Portal Projectile        Hex/Tloc       100%       N/A       0%          3
 Spider Form              Tmut/Pois      87%        N/A       0%          3
 Summon Guardian Golem    Hex/Summ       87%        N/A       0%          3
 Swiftness                Air            87%        N/A       0%          3
 Teleport Other           Tloc           87%        N/A       0%          3
 Tukima's Dance           Hex            87%        N/A       0%          3
 Vampiric Draining        Necr           87%        2d12      0%          3
 Airstrike                Air            43%        2d(7-23)  1%          4
 Animate Dead             Necr           87%        N/A       1%          4
 Cause Fear               Hex            43%        N/A       1%          4
 Corpse Rot               Necr/Pois/Air  87%        N/A       1%          4
 Fulminant Prism          Conj/Hex       43%        3d20      1%          4
 Hailstorm                Conj/Ice       87%        3d17      1%          4
 Ice Form                 Ice/Tmut       87%        N/A       1%          4
 Iskenderun's Mystic Bla  Conj/Tloc      87%        2d17      1%          4
 Leda's Liquefaction      Hex/Erth       43%        N/A       1%          4
 Olgreb's Toxic Radiance  Pois           87%        N/A       1%          4
 Passage of Golubria      Tloc           87%        N/A       1%          4
 Petrify                  Tmut/Erth      87%        N/A       1%          4
 Sticky Flame             Conj/Fire      87%        2d10      1%          4
 Summon Ice Beast         Ice/Summ       87%        N/A       1%          4
 Summon Lightning Spire   Summ/Air       87%        N/A       1%          4
 Agony                    Necr           87%        N/A       1%          5
 Alistair's Intoxication  Tmut/Pois      58%        N/A       1%          5
 Blade Hands              Tmut           43%        N/A       1%          5
 Borgnjor's Vile Clutch   Necr/Erth      43%        N/A       1%          5
 Fireball                 Conj/Fire      43%        3d17      1%          5
 Iskenderun's Battlesphe  Conj           87%        2d13      1%          5
 Lee's Rapid Deconstruct  Erth           43%        3d22*     1%          5
 Manifold Assault         Tloc           87%        N/A       1%          5
 Metabolic Englaciation   Hex/Ice        43%        N/A       1%          5
 Silence                  Hex/Air        43%        N/A       1%          5
 Summon Forest            Summ/Tloc      43%        N/A       1%          5
 Summon Mana Viper        Hex/Summ       87%        N/A       1%          5
 Conjure Ball Lightning   Conj/Air       43%        3x3d15    1%          6
 Eringya's Noxious Bog    Tmut/Pois      43%        N/A       1%          6
 Simulacrum               Ice/Necr       43%        N/A       1%          6
 Statue Form              Tmut/Erth      58%        N/A       1%          6
 Enfeeble                 Hex            43%        N/A       1%          7
 Malign Gateway           Summ/Tloc      43%        N/A       1%          7
 Monstrous Menagerie      Summ           43%        N/A       1%          7
 Orb of Destruction       Conj           43%        9d12      1%          7
 Ozocubu's Refrigeration  Ice            43%        4d17      1%          7
 Spellforged Servitor     Conj/Summ      43%        N/A       1%          7
 Storm Form               Tmut/Air       43%        N/A       1%          7
 Summon Hydra             Summ           43%        N/A       1%          7
 Borgnjor's Revivificati  Necr           43%        N/A       10%         8
 Discord                  Hex            43%        N/A       10%         8
 Lehudib's Crystal Spear  Conj/Erth      43%        10d11     10%         8
 Summon Horrible Things   Summ           43%        N/A       10%         8
 Death's Door             Necr           43%        N/A       80%         9
 Polar Vortex             Ice            43%        N/A       80%         9


Dungeon Overview and Level Annotations

Branches:
Dungeon (15/15)            Temple (1/1) D:6            Lair (5/5) D:11
 Shoals (4/4) Lair:3        Snake (4/4) Lair:2        Slime (5/5) Lair:4
    Orc (2/2) D:12            Elf (3/3) Orc:2        Vaults (5/5) D:14
  Crypt (3/3) Vaults:2       Tomb (1/3) Crypt:3      Depths (4/4) D:15
   Hell (visited)             Dis (0/7) Hell            Geh (0/7) Hell
    Coc (6/7) Hell            Tar (0/7) Hell            Zot (5/5) Depths:4

Altars:
Ashenzari
Dithmenos
Elyvilon
Fedhas
Gozag
Hepliaklqana
Kikubaaqudgha
Nemelex Xobeh
Okawaru
Qazlal
Trog
Uskayaw
Vehumet
Yredelemnul
Zin
The Shining One
Jiyva

Shops:
D:5 (   D:6 (   D:7 [   D:10 *   Orc:2 :*[(   Elf:1 *   Elf:2 :   Elf:3 (
Shoals:3 ?   Snake:3 =???=   Depths:3 *[

Portals:
Hell: Depths:1 Depths:2 Depths:3 Depths:4
Abyss: Depths:3 Depths:4
Pandemonium: Depths:2 Depths:3
Ziggurat: Depths:1
Trove: Vaults:2 (give 16 scrolls of teleportation)

Annotations:
Temple 2 transporters
Shoals:4 corrupted
Snake:1 Roxanne
Elf:2 3 runed translucent doors
Vaults:1 2 runed translucent doors, Lianjan's ghost, adept GnWr; Wueresid's ghost, adept DEHW
Vaults:5 corrupted
Zot:1 2 transporters, Jofris Vesimp's ghost, legendary GnFE
Zot:5 2 runed translucent doors, Muataran's ghost, veteran MiMo


Innate Abilities, Weirdness & Mutations

You have very sharp teeth.
Your uncanny sense of smell can sniff out nearby items.
Your experience applies equally to all skills.
You have a pair of small antennae on your head.
You have an increased reservoir of magic. (+10% MP)
You are strong-willed. (Will+)
You passively map a small area around you.
Your system is resistant to poisons. (rPois)
Your movements are slightly less encumbered by armour. (ER -2)


Message History

The Orb Guardian hits you but does no damage.
An Orb Guardian comes into view.
The Orb Guardian is engulfed in freezing vapours.
The Orb Guardian hits you but does no damage.
The Orb Guardian is engulfed in freezing vapours. x2
The Orb Guardian misses you.
You produce a hideous howling noise!
The Orb Guardian is engulfed in freezing vapours.
The Orb Guardian hits you!! You block the Orb Guardian's attack.
The Orb Guardian is engulfed in freezing vapours.
The Orb Guardian hits you but does no damage.
The Orb Guardian is engulfed in freezing vapours.
You block the Orb Guardian's attack.
The Orb Guardian is engulfed in freezing vapours.
The Orb Guardian barely misses you.
The moth of wrath bites you but does no damage.
The Orb Guardian is engulfed in freezing vapours.
The Orb Guardian completely misses you.
The Orb Guardian is engulfed in freezing vapours.
The Orb Guardian hits your hell beast but does no damage.
A Killer Klown comes into view. It is wielding a +12 antimagic club.
The Orb Guardian is engulfed in freezing vapours.
The Orb Guardian misses you.
The Orb Guardian is engulfed in freezing vapours.
You block the Orb Guardian's attack. The moth of wrath closely misses you.
The Orb Guardian hits you!!!
* * * LOW HITPOINT WARNING * * *
Okay, then.
Okay, then.
The Orb Guardian attacks as you move away!
You block the Orb Guardian's attack.
The Orb Guardian attacks as you move away!
The Orb Guardian hits you!!
* * * LOW HITPOINT WARNING * * *
The Orb Guardian attacks as you move away!
The Orb Guardian hits you.
* * * LOW HITPOINT WARNING * * *
The Orb Guardian is engulfed in freezing vapours. x3
The Orb Guardian hits you!!
You die...

..# ##...^..............##
.## #..^.................#
.# #..).................#
.## #................^...#
..# #.^..................#
..## #....)...............#
...###...[.[....).........#
#...###...........2.☼§...##
##..†.##.......2@XX§§...##
###...)...)....yX§§§..##
#▓▓▓▓▓▓▓▓▓▓▓##8§§§.▓▓
▓▓▓▓.^......§2§§...▓▓
##▓..........§*§§§°...▓▓
##..^..^^.....X§§§......▓▓
#............X...........▓
*▓....^...................▓
*▓.........p.............▓▓


You could see 3 Orb Guardians, a moth of wrath and 3 friendly hell beasts.

Vanquished Creatures
  the Royal Jelly (Slime:5)
  4 dread liches
  3 orbs of fire
  4 ancient liches
  Mara (Vaults:5)
  A juggernaut (Depths:4)
  Sojobo (Depths:4)
  Josephina (Crypt:3)
  Parghit (Depths:3)
  Bai Suzhen (Vaults:3)
  4 Killer Klowns (Zot:5)
  2 curse toes
  Vashnia (Snake:3)
  Geryon (Hell)
  A caustic shrike (Depths:4)
  5 golden dragons
  Nikola (Shoals:1)
  A bone dragon (Crypt:3)
  An electric golem (Zot:5)
  19 tentacled monstrosities
  7 liches
  2 Ice Fiends
  2 shard shrike zombies
  15 Orb Guardians (Zot:5)
  Asterion (Snake:3)
  A walking crystal tome (Depths:4)
  4 deep elf blademasters
  25 acid blobs
  4 quicksilver dragons
  12 titans
  A walking frostbound tome (Depths:4)
  9 death cobs
  6 tentacled starspawn
  4 ancient champions
  9 storm dragons
  An eldritch tentacle (Zot:5)
  8 sphinxes
  A kraken (Shoals:2)
  Agnes (Elf:1)
  Kirke (Snake:3)
  A revenant (Crypt:2)
  13 tengu reavers
  8 shadow dragons
  16 rockslimes
  3 draconian monks (Zot:2)
  6 orc warlords
  5 nagarajas (Snake:4)
  14 azure jellies
  10 fire giants
  2 narguns
  Donald (Snake:1)
  7 deep elf sorcerers (Elf:3)
  3 draconian knights
  20 vault wardens
  3 iron dragons
  A balrug (Abyss:2)
  11 frost giants
  6 draconian shifters
  Louise (Depths:3)
  4 draconian scorchers
  A cacodemon (Hell)
  2 caustic shrike zombies (Depths:3)
  3 draconian stormcallers
  3 ghouls (Crypt:2)
  5 shard shrike simulacra
  5 ghost moths
  4 curse skulls
  4 draconian annihilators
  5 deep elf elementalists
  3 spriggan defenders
  6 reapers
  18 ironbound preservers
  13 quicksilver oozes
  13 stone giants
  8 ironbound thunderhulks (Vaults:4)
  25 very ugly things
  10 war gargoyles
  8 vampire knights
  9 dire elephants
  2 lorocyprocas
  9 green draconians
  6 deep elf demonologists
  9 elemental wellsprings
  14 deep elf annihilators
  A putrid mouth (Hell)
  9 yellow draconians
  9 purple draconians
  A minotaur (Lair:2)
  7 spark wasps
  10 black draconians
  2 entropy weavers (Vaults:3)
  6 red draconians
  7 white draconians
  8 wendigos
  3 eidola
  4 crystal guardians
  Snorg (Orc:1)
  4 blizzard demons
  7 deep elf death magi
  17 ettins
  3 green deaths (Hell)
  4 merfolk impalers
  9 jiangshi
  A quicksilver dragon zombie (Crypt:3)
  The ghost of Mahakala the Cleaver, a journeyman MiFi of Zin (Lair:1)
  6 deep elf high priests
  4 fire dragons
  21 yaktaur captains
  14 hydras
  2 merfolk javelineers (Depths:1)
  2 spriggan zombies
  12 ice dragons
  7 great orbs of eyes
  2 peacekeepers (Vaults:3)
  The ghost of voltaire321 the Prestidigitator, a journeyman DsAr of Wu Jian (D:10)
  3 juggernaut simulacra
  5 rakshasas
  7 spriggan air magi
  8 caustic shrike simulacra
  A catoblepas (Lair:5)
  29 vault guards
  6 ogre magi
  4 ironbound frosthearts
  4 boulder beetles
  2 death knights
  A hell beast (Hell)
  A fenstrider witch skeleton (Crypt:1)
  10 naga warriors
  10 centaur warriors
  An alligator snapping turtle (Shoals:4)
  6 two-headed ogres
  14 anacondas
  2 satyrs
  6 merfolk avatars
  11 deep troll shamans
  25 dancing weapons
  The ghost of Cato the Destroyer, a journeyman DECj of Sif Muna (Lair:2)
  4 tengu warriors
  7 merfolk aquamancers
  7 vampire magi
  9 death yaks
  14 deep troll earth magi
  3 hell hogs (Depths:4)
  2 thrashing horrors
  4 titan zombies
  18 naga sharpshooters
  An emperor scorpion zombie (Crypt:1)
  An orc high priest (Orc:2)
  11 sun demons
  13 hell knights
  3 spriggan berserkers
  2 storm dragon zombies
  5 soul eaters (Hell)
  11 deep elf knights
  3 shock serpents
  An iron troll (Depths:2)
  3 wretched stars (Abyss:2)
  2 titan skeletons
  A spark wasp zombie (Depths:1)
  4 sixfirhies
  51 skeletal warriors
  4 salamander mystics
  2 shadow wraiths
  63 deep trolls
  3 quicksilver dragon simulacra
  6 glowing orange brains
  A bunyip zombie (Crypt:1)
  2 anaconda zombies
  A spriggan rider (Depths:1)
  A swamp dragon (Lair:5)
  7 lindwurms (Vaults:1)
  3 naga ritualists
  24 sea snakes
  18 ironbound convokers
  8 flayed ghosts
  A kraken simulacrum (Shoals:4)
  3 spriggan simulacra
  4 bog bodies (Crypt:2)
  20 necromancers
  2 anaconda skeletons
  16 orc knights
  A fenstrider witch simulacrum (Crypt:3)
  6 deep elf archers
  10 large abominations
  Pikel (D:5)
  33 deep elf zephyrmancers
  A mana viper (shapeshifter) (D:15)
  An iron dragon zombie (Depths:3)
  8 wizards
  A tengu skeleton (Depths:1)
  7 fauns
  2 harpies (shapeshifter)
  26 harpies
  4 mana vipers
  15 phantasmal warriors
  4 orc sorcerers
  16 deep elf pyromancers
  A wolf spider (Lair:5)
  42 ugly things
  A fire giant zombie (Depths:2)
  2 frost giant zombies
  12 oklob plants
  7 cyclopes
  20 moths of wrath
  21 salamanders
  2 shining eyes
  2 stone giant zombies (Vaults:1)
  2 worldbinders (Abyss:2)
  26 manticores
  34 black mambas
  A stone giant skeleton (Hell)
  9 elephants
  2 moths of wrath (shapeshifter) (Depths:2)
  2 fire giant skeletons
  A water nymph (shapeshifter) (Vaults:5)
  14 naga magi
  2 human skeletons (Vaults:4)
  9 merfolk sirens
  11 guardian serpents
  8 rust devils
  10 water nymphs
  19 vault sentinels
  2 eyes of devastation
  13 cane toads
  2 smoke demons (Abyss:2)
  A cane toad (shapeshifter) (Elf:3)
  4 titan simulacra
  5 centaur skeletons
  2 storm dragon simulacra
  A black mamba (shapeshifter) (D:15)
  An ice statue (Hell)
  An orange demon (Abyss:1)
  2 unseen horrors
  Maggie (Abyss:1)
  An alligator snapping turtle zombie (Crypt:3)
  2 efreet
  5 hellions
  2 bunyip simulacra
  A kobold demonologist (D:14)
  6 freezing wraiths
  8 anaconda simulacra
  51 yaktaurs
  A redback zombie (Crypt:1)
  7 rime drakes
  16 komodo dragons
  3 tormentors
  4 tengu conjurers
  2 iron giant simulacra
  A yaktaur (shapeshifter) (Vaults:5)
  A minotaur skeleton (Crypt:1)
  3 spriggan skeletons
  The ghost of KelbiRefugee the Skirmisher, a novice DEHu of Fedhas (D:5)
  A catoblepas skeleton (Crypt:2)
  A red devil (Depths:3)
  6 trolls
  A grey draconian skeleton (Crypt:2)
  3 harpy zombies
  2 hydra zombies (Hell)
  An ancient zyme (Abyss:2)
  2 wind drakes (shapeshifter) (Vaults:5)
  2 polar bears
  6 hornets
  21 merfolk
  A wolf spider simulacrum (D:15)
  103 slime creatures
  A raiju (shapeshifter) (D:14)
  6 raiju
  3 stone giant simulacra (Coc:2)
  4 wind drakes
  A hydra skeleton (Hell)
  15 blink frogs
  A fire giant simulacrum (Depths:2)
  An alligator zombie (Hell)
  2 iron dragon simulacra
  8 snapping turtles
  An ice dragon zombie (Crypt:1)
  2 fire dragon zombies (Crypt:3)
  A guardian serpent skeleton (Crypt:2)
  14 dream sheep
  A jumping spider (shapeshifter) (Vaults:5)
  An alligator skeleton (Hell)
  41 flying skulls
  A culicivora (Vaults:3)
  11 small abominations (Abyss:2)
  25 water elementals
  3 air elementals
  4 shadows
  2 vampires (D:12)
  4 dire elephant simulacra
  A centaur simulacrum (Coc:2)
  A ynoxinul (Abyss:2)
  2 spriggans
  22 wyverns
  3 wraiths
  60 yaks
  2 hogs (Snake:3)
  5 fire bats (Abyss:2)
  3 fire elementals
  5 golden eyes
  5 basilisks
  6 vampire mosquitoes
  A chaos spawn (Abyss:1)
  2 redbacks (Vaults:3)
  5 steam dragons
  5 neqoxecs
  A naga zombie (Hell)
  2 glowing shapeshifter zombies (Depths:1)
  6 acid dragons
  18 harpy simulacra
  33 nagas
  7 wargs
  2 floating eyes (shapeshifter)
  A floating eye (Depths:1)
  3 hell hounds (Elf:3)
  2 glowing shapeshifter skeletons
  3 hydra simulacra
  22 water moccasins
  A cane toad zombie (Crypt:2)
  A fire bat skeleton (Crypt:1)
  A demonspawn skeleton (Crypt:1)
  36 orc warriors
  A meliai simulacrum (D:14)
  3 swamp drakes (Lair:5)
  A naga skeleton (Crypt:1)
  A sky beast (D:7)
  2 human zombies
  4 ice beasts
  An alligator simulacrum (Hell)
  4 ettin simulacra
  16 ogres
  A fire dragon simulacrum (Coc:1)
  7 centaurs
  2 black bears
  9 boggarts
  A lemure (D:5)
  7 wolves
  2 phantoms
  4 kobold brigands
  Blork the orc (Orc:2)
  A bullfrog (shapeshifter) (Elf:3)
  9 necrophages
  A gnoll sergeant (D:9)
  12 bullfrogs
  3 naga simulacra (Coc:4)
  6 scorpions
  A scorpion (shapeshifter) (Vaults:5)
  A raiju zombie (Crypt:2)
  4 wights
  A killer bee (shapeshifter) (Vaults:3)
  6 killer bees (D:9)
  A raiju skeleton (Crypt:1)
  A yak skeleton (Crypt:2)
  2 howler monkeys (D:5)
  An electric eel (Lair:3)
  11 starcursed masses
  4 hounds
  25 orc priests
  4 jellies
  2 iron imps (Abyss:2)
  Ijyb (D:5)
  8 iguanas
  33 orc wizards
  Natasha (twice) (D:2)
  6 hell rats (Hell)
  A boggart skeleton (D:14)
  23 gnolls
  5 adders
  A river rat (Lair:1)
  A swamp drake skeleton (Crypt:1)
  2 white imps
  2 ufetubi (D:5)
  2 worms (D:5)
  2 dart slugs
  90 orcs
  3 endoplasms
  2 giant cockroaches
  5 goblins
  10 hobgoblins
  15 jackals (D:5)
  27 kobolds
  3 quokkas
  8 ball pythons
  6 bats
  2 frilled lizards (D:3)
  4 rats
  7 bushes (Zot:3)
  2 fire vortices (Hell)
  6 starspawn tentacles
  A tentacle (Shoals:2)
2758 creatures vanquished.

Vanquished Creatures (collateral kills)
  A tentacled monstrosity (Depths:1)
  An Orb Guardian (Zot:5)
  An acid blob (Slime:2)
  A shadow dragon (Vaults:5)
  A draconian shifter (Zot:5)
  A ghost moth (Zot:5)
  A very ugly thing (Vaults:3)
  A deep elf death mage (Vaults:5)
  A great orb of eyes (Vaults:5)
  3 vault guards (Vaults:5)
  A hydra (Lair:5)
  An ogre mage (Vaults:5)
  A deep troll (Vaults:5)
  A mana viper (Snake:2)
  2 shining eyes (Slime:2)
  6 slime creatures (Slime:2)
  An ugly thing (Vaults:3)
  A moth of wrath (Zot:5)
  A black mamba (Lair:4)
  A water elemental (Depths:1)
  A golden eye (Slime:2)
  A neqoxec (Abyss:4)
  A starcursed mass (Abyss:4)
  A boggart (D:10)
  An orc (D:10)
33 creatures vanquished.

Vanquished Creatures (others)
  An Ice Fiend (Coc:6)
  Polyphemus (Shoals:4)
  A draconian knight (Zot:4)
  A shard shrike simulacrum (Coc:6)
  A draconian annihilator (Zot:5)
  A deep elf high priest (Elf:3)
  A merfolk impaler (Shoals:4)
  An ogre mage (Vaults:5)
  11 vault guards (Vaults:5)
  A catoblepas (Shoals:4)
  2 merfolk aquamancers (Shoals:4)
  A satyr (Shoals:4)
  2 death yaks (Shoals:4)
  A naga sharpshooter (Snake:4)
  A deep elf knight (Elf:3)
  2 sea snakes
  2 quicksilver dragon simulacra
  A naga ritualist (Snake:4)
  A spriggan simulacrum (Coc:3)
  A deep elf pyromancer (Elf:3)
  8 harpies (Shoals:4)
  A necromancer (Vaults:5)
  2 manticores
  4 fauns (Shoals:4)
  A vault sentinel (Vaults:5)
  2 merfolk sirens (Shoals:4)
  A yaktaur skeleton (Vaults:5)
  A merfolk (shapeshifter) (Vaults:5)
  A centaur simulacrum (Crypt:3)
  3 snapping turtles (Shoals:4)
  A dire elephant simulacrum (Coc:4)
  A water elemental (Elf:3)
  3 humans (Snake:3)
  A naga (Snake:2)
  A glowing shapeshifter skeleton (Vaults:5)
  6 bushes
  67 fungi
  A lurking horror (Abyss:2)
  361 plants
  24 starspawn tentacles
  16 tentacles
540 creatures vanquished.

Grand Total: 3331 creatures vanquished

Notes
Turn   | Place    | Note
-------+----------+-------------------------------------------
     0 | Abyss:1  | ShnitzelX2 the Gnoll Abyssal Knight began the quest for the
                  | Orb.
     0 | Abyss:1  | Reached XP level 1. HP: 23/23 MP: 3/3
     1 | D:1      | Escaped the Abyss
   301 | D:1      | Reached XP level 2. HP: 25/29 MP: 5/5
   605 | D:1      | Reached XP level 3. HP: 35/35 MP: 6/6
   978 | D:2      | Noticed Natasha
   988 | D:2      | Killed Natasha
   989 | D:2      | Reached skill level 1 in Short Blades
   989 | D:2      | Reached skill level 1 in Long Blades
   989 | D:2      | Reached skill level 1 in Maces & Flails
   989 | D:2      | Reached skill level 1 in Polearms
   989 | D:2      | Reached skill level 1 in Staves
   989 | D:2      | Reached skill level 1 in Ranged Weapons
   989 | D:2      | Reached skill level 1 in Throwing
   989 | D:2      | Reached skill level 1 in Stealth
   989 | D:2      | Reached skill level 1 in Shields
   989 | D:2      | Reached skill level 1 in Unarmed Combat
   989 | D:2      | Reached skill level 1 in Spellcasting
   989 | D:2      | Reached skill level 1 in Evocations
  1096 | D:2      | Reached skill level 1 in Conjurations
  1096 | D:2      | Reached skill level 1 in Hexes
  1096 | D:2      | Reached skill level 1 in Summonings
  1096 | D:2      | Reached skill level 1 in Necromancy
  1096 | D:2      | Reached skill level 1 in Translocations
  1096 | D:2      | Reached skill level 1 in Transmutations
  1096 | D:2      | Reached skill level 1 in Fire Magic
  1096 | D:2      | Reached skill level 1 in Ice Magic
  1096 | D:2      | Reached skill level 1 in Air Magic
  1096 | D:2      | Reached skill level 1 in Earth Magic
  1096 | D:2      | Reached skill level 1 in Poison Magic
  1096 | D:2      | Reached XP level 4. HP: 9/41 MP: 7/7
  1592 | D:2      | You fall into a shaft and drop 2 floors!
  1708 | D:4      | Reached *** piety under Lugonu
  1746 | D:4      | Found a white marble altar of Elyvilon.
  1796 | D:4      | Noticed a black bear
  1841 | D:3      | Reached XP level 5. HP: 29/47 MP: 8/8
  3092 | D:2      | Noticed Natasha
  3099 | D:2      | Killed Natasha
  3334 | D:4      | Reached skill level 5 in Invocations
  3344 | D:4      | Reached skill level 5 in Axes
  3344 | D:4      | Reached skill level 5 in Armour
  3344 | D:4      | Reached XP level 6. HP: 30/53 MP: 9/9
  3553 | D:4      | Identified the ring of Enoyqes {rElec rPois Stlth+}
  3757 | D:4      | Found a shadowy altar of Dithmenos.
  3894 | D:4      | Killed a black bear
  3970 | D:5      | Entered Level 5 of the Dungeon
  3984 | D:4      | Reached XP level 7. HP: 27/59 MP: 10/10
  4693 | D:5      | Found an ancient bone altar of Kikubaaqudgha.
  4777 | D:5      | Reached **** piety under Lugonu
  4964 | D:5      | Reached XP level 8. HP: 22/67 MP: 12/12
  5025 | D:5      | Found Qoankar's Antique Weapon Emporium.
  5436 | D:5      | Found a large runed translucent door.
  5437 | D:5      | Found a large runed translucent door.
  5792 | D:5      | Noticed Ijyb
  5799 | D:5      | Killed Ijyb
  5810 | D:5      | Found a runed translucent door.
  5815 | D:5      | Noticed KelbiRefugee's ghost (novice DEHu)
  5831 | D:5      | Identified the ring of Cexued {Fire Dex+4 Stlth+}
  6169 | D:5      | Reached skill level 6 in Invocations
  6585 | D:5      | Found a radiant altar of Vehumet.
  6784 | D:5      | Found a broken altar of Ashenzari.
  6796 | D:5      | Found a hide-covered altar of Uskayaw.
  7043 | D:6      | Noticed Pikel
  7115 | D:5      | Killed Pikel
  7116 | D:5      | Reached XP level 9. HP: 49/73 MP: 13/15
  7455 | D:6      | Reached ***** piety under Lugonu
  7456 | D:6      | Reached skill level 5 in Dodging
  7798 | D:6      | Found Zibai's Hydra Hut.
  7802 | D:6      | Noticed a four-headed hydra
  8149 | D:6      | Found a staircase to the Ecumenical Temple.
  8169 | Temple   | Entered the Ecumenical Temple
  8169 | Temple   | Found a transporter.
  8169 | Temple   | Found a transporter.
  8600 | D:7      | Found Edettej's Antique Armour Boutique.
  8611 | D:7      | Bought a bloodstained cloak for 247 gold pieces
  8611 | D:7      | Identified the +2 cloak of Green Contentment {rElec rPois
                  | Will+} (You bought it in a shop on level 7 of the Dungeon)
  8636 | D:7      | Found a basalt altar of Yredelemnul.
  8685 | D:7      | Noticed Maggie
  9022 | D:7      | Found a hazy altar of Hepliaklqana.
  9336 | D:7      | Banished Maggie
  9337 | D:7      | Reached skill level 7 in Invocations
  9694 | D:7      | Reached skill level 5 in Short Blades
  9694 | D:7      | Reached skill level 5 in Long Blades
  9694 | D:7      | Reached skill level 5 in Maces & Flails
  9694 | D:7      | Reached skill level 5 in Polearms
  9694 | D:7      | Reached skill level 5 in Staves
  9694 | D:7      | Reached skill level 5 in Ranged Weapons
  9694 | D:7      | Reached skill level 5 in Throwing
  9694 | D:7      | Reached skill level 5 in Stealth
  9694 | D:7      | Reached skill level 5 in Shields
  9694 | D:7      | Reached skill level 5 in Unarmed Combat
  9694 | D:7      | Reached skill level 5 in Spellcasting
  9694 | D:7      | Reached skill level 5 in Evocations
  9913 | D:7      | Bought a runed chain mail for 195 gold pieces
  9960 | D:8      | Reached XP level 10. HP: 71/81 MP: 17/17
 10174 | D:8      | Found a sparkling altar of Nemelex Xobeh.
 10714 | D:8      | Found a glowing silver altar of Zin.
 10803 | D:9      | Noticed a deep elf pyromancer
 11037 | D:9      | Noticed a manticore
 11044 | D:8      | Banished a manticore
 11375 | D:9      | Noticed a centaur warrior
 11392 | D:9      | Killed a centaur warrior
 11434 | D:9      | Found a bloodstained altar of Trog.
 11917 | D:10     | Entered Level 10 of the Dungeon
 12181 | D:10     | Noticed a centaur warrior
 12195 | D:10     | Killed a centaur warrior
 12196 | D:10     | Reached skill level 8 in Invocations
 12395 | D:10     | Identified the +6 great sword "Gonwiatt" {vorpal, Int+5}
 12413 | D:10     | Noticed a centaur warrior
 12443 | D:10     | Killed a centaur warrior
 12444 | D:10     | Reached skill level 5 in Conjurations
 12444 | D:10     | Reached skill level 5 in Hexes
 12444 | D:10     | Reached skill level 5 in Summonings
 12444 | D:10     | Reached skill level 5 in Necromancy
 12444 | D:10     | Reached skill level 5 in Translocations
 12444 | D:10     | Reached skill level 5 in Transmutations
 12444 | D:10     | Reached skill level 5 in Fire Magic
 12444 | D:10     | Reached skill level 5 in Ice Magic
 12444 | D:10     | Reached skill level 5 in Air Magic
 12444 | D:10     | Reached skill level 5 in Earth Magic
 12444 | D:10     | Reached skill level 5 in Poison Magic
 12444 | D:10     | Reached XP level 11. HP: 44/89 MP: 18/20
 13103 | D:10     | Noticed a two-headed ogre
 13104 | D:10     | Banished a two-headed ogre
 13375 | D:10     | Found a runed translucent gate.
 13375 | D:10     | Found a runed translucent gate.
 13376 | D:10     | Found a runed translucent gate.
 13391 | D:10     | Found an opulent altar of Gozag.
 13616 | D:10     | Found Ykkur's Assorted Antiques.
 13616 | D:10     | Noticed a frost giant
 13617 | D:10     | Noticed a four-headed hydra
 13618 | D:10     | Noticed voltaire321's ghost (journeyman DsAr)
 13683 | D:10     | Noticed a green ugly thing
 13721 | D:11     | Found a transporter.
 13821 | D:11     | Noticed a manticore
 13831 | D:10     | Banished a green ugly thing
 14435 | D:9      | Learned a level 2 spell: Call Imp
 14806 | D:9      | Noticed a two-headed ogre
 14849 | D:9      | Banished a two-headed ogre
 14858 | D:9      | Banished a deep elf pyromancer
 14859 | D:9      | Reached skill level 9 in Invocations
 15515 | D:9      | Identified the +2 pair of boots of Cuci {Int+3}
 15537 | D:9      | Learned a level 3 spell: Call Canine Familiar
 15667 | D:10     | Reached XP level 12. HP: 73/97 MP: 22/22
 15780 | D:10     | Found a blossoming altar of Fedhas.
 15893 | D:10     | Gained mutation: Your body sometimes deteriorates upon
                  | taking damage. [potion of mutation]
 15893 | D:10     | Gained mutation: You do not regenerate when monsters are
                  | visible. [potion of mutation]
 15893 | D:10     | Gained mutation: You are partially covered in iridescent
                  | scales. (AC +2) [potion of mutation]
 16427 | D:10     | Found a glowing golden altar of the Shining One.
 17442 | D:12     | Reached skill level 10 in Fighting
 17922 | D:11     | Found a staircase to the Lair.
 18962 | Lair:1   | Entered Level 1 of the Lair of Beasts
 19681 | Lair:1   | Found a transporter.
 19686 | Lair:1   | Learned a level 3 spell: Inner Flame
 20062 | Lair:1   | Found a transporter.
 20073 | Lair:1   | Noticed a five-headed hydra
 20079 | Lair:1   | Noticed a death yak
 20079 | Lair:1   | Noticed Mahakala's ghost (journeyman MiFi)
 20229 | Lair:1   | Noticed a six-headed hydra
 20408 | D:6      | Bought a +0 war axe of flaming for 107 gold pieces
 20579 | Lair:1   | Killed a one-headed hydra
 20805 | Lair:1   | Learned a level 3 spell: Mephitic Cloud
 20809 | Lair:1   | Learned a level 3 spell: Ozocubu's Armour
 20863 | Lair:1   | Reached skill level 10 in Invocations
 21387 | Lair:2   | Reached XP level 13. HP: 86/104 MP: 18/25
 21582 | Lair:2   | Found a staircase to the Snake Pit.
 21943 | Lair:2   | Noticed a minotaur
 21948 | Lair:2   | Noticed Cato's ghost (journeyman DECj)
 22399 | Lair:2   | Found a runed translucent gate.
 22399 | Lair:2   | Found a runed translucent gate.
 22399 | Lair:2   | Found a runed translucent gate.
 22690 | Lair:3   | Identified the +9 hand axe "Avvaemm" {freeze, Str-2 Int+6
                  | Stlth-}
 22923 | Lair:3   | Found a staircase to the Shoals.
 23277 | Lair:3   | Learned a level 2 spell: Blink
 24008 | Lair:4   | Reached skill level 10 in Axes
 24008 | Lair:4   | Reached skill level 10 in Armour
 24841 | Lair:4   | Lost mutation: Your body sometimes deteriorates upon taking
                  | damage. [potion of mutation]
 24841 | Lair:4   | Lost mutation: You are partially covered in iridescent
                  | scales. (AC +2) [potion of mutation]
 24841 | Lair:4   | Lost mutation: You do not regenerate when monsters are
                  | visible. [potion of mutation]
 24841 | Lair:4   | Gained mutation: You have large cloven feet. [potion of
                  | mutation]
 24858 | Lair:4   | Found a staircase to the Slime Pits.
 24921 | Lair:4   | Reached skill level 11 in Invocations
 24921 | Lair:4   | Reached XP level 14. HP: 106/113 MP: 27/27
 25291 | Lair:5   | Entered Level 5 of the Lair of Beasts
 26314 | Lair:5   | Reached skill level 10 in Dodging
 28015 | Lair:5   | Identified a scroll of acquirement
 28024 | Lair:5   | Acquired 947 gold pieces
 28059 | Lair:5   | Reached skill level 10 in Short Blades
 28059 | Lair:5   | Reached skill level 10 in Long Blades
 28059 | Lair:5   | Reached skill level 10 in Maces & Flails
 28059 | Lair:5   | Reached skill level 10 in Polearms
 28059 | Lair:5   | Reached skill level 10 in Staves
 28059 | Lair:5   | Reached skill level 10 in Ranged Weapons
 28059 | Lair:5   | Reached skill level 10 in Throwing
 28059 | Lair:5   | Reached skill level 10 in Stealth
 28059 | Lair:5   | Reached skill level 10 in Shields
 28059 | Lair:5   | Reached skill level 10 in Unarmed Combat
 28059 | Lair:5   | Reached skill level 10 in Spellcasting
 28059 | Lair:5   | Reached skill level 10 in Evocations
 28404 | D:12     | Reached XP level 15. HP: 120/120 MP: 27/29
 29156 | D:12     | Found a staircase to the Orcish Mines.
 29337 | D:12     | Reached skill level 12 in Invocations
 29661 | D:12     | Learned a level 5 spell: Fireball
 30189 | Orc:1    | Entered Level 1 of the Orcish Mines
 30589 | Orc:1    | Noticed Snorg
 30602 | Orc:1    | Killed Snorg
 30995 | Orc:1    | Reached ****** piety under Lugonu
 31294 | Orc:1    | Learned a level 5 spell: Freezing Cloud
 31390 | Orc:1    | Noticed an orc warlord
 31415 | Orc:1    | Killed an orc warlord
 31923 | Orc:2    | Entered Level 2 of the Orcish Mines
 33130 | Orc:2    | Noticed Blork the orc
 33135 | Orc:2    | Killed Blork the orc
 33137 | Orc:2    | Noticed an orc warlord
 33155 | Orc:2    | Killed an orc warlord
 33335 | Orc:2    | Found Toequk Eroo's Book Emporium.
 33350 | Orc:2    | Found Qutwaon's Antique Armour Emporium.
 33667 | Orc:2    | Found a staircase to the Elven Halls.
 33780 | Orc:2    | Found Caybo's General Store.
 33799 | Orc:2    | Bought 2 throwing nets for 78 gold pieces
 33799 | Orc:2    | Bought a potion of curing for 39 gold pieces
 33799 | Orc:2    | Bought a potion of heal wounds for 65 gold pieces
 33799 | Orc:2    | Bought a book of Touch for 338 gold pieces
 33799 | Orc:2    | Bought a scroll of fog for 52 gold pieces
 33804 | Orc:2    | Learned a level 4 spell: Dispel Undead
 33812 | Orc:2    | Found Ryqebbioso's Antique Weapon Emporium.
 33868 | Orc:2    | Bought a slimy scale mail for 261 gold pieces
 33868 | Orc:2    | Identified the +8 scale mail of Hide-and-Seek {rElec rC+
                  | Int+2} (You bought it in a shop on level 2 of the Orcish
                  | Mines)
 33880 | Orc:2    | Bought a runed hat for 203 gold pieces
 33919 | Orc:2    | Bought an iridescent triple crossbow for 420 gold pieces
 33919 | Orc:2    | Identified the +6 triple crossbow of the Changing Lamprey
                  | {venom, rN+ Dex-2 SInv} (You bought it in a shop on level 2
                  | of the Orcish Mines)
 34354 | D:13     | Acquired the +0 tower shield of the Midnight Sun {Will++
                  | Regen+ rCorr Stlth-}
 36784 | D:14     | Reached XP level 16. HP: 97/129 MP: 17/30
 36960 | D:14     | Learned a level 5 spell: Manifold Assault
 37420 | D:14     | Found a gate to the Vaults.
 37656 | D:15     | Entered Level 15 of the Dungeon
 37973 | D:15     | Reached skill level 13 in Invocations
 37989 | D:15     | Found a staircase to the Depths.
 38917 | Snake:1  | Entered Level 1 of the Snake Pit
 39066 | Snake:1  | Noticed Donald
 39100 | Snake:1  | Killed Donald
 39434 | Snake:1  | Noticed Roxanne
 39562 | Snake:1  | Found a blossoming altar of Fedhas.
 40766 | Snake:3  | Found Sengov's Jewellery Shoppe.
 40855 | Snake:3  | Reached XP level 17. HP: 137/137 MP: 20/32
 41039 | Snake:3  | Noticed Vashnia
 41053 | Snake:3  | Reached skill level 10 in Conjurations
 41053 | Snake:3  | Reached skill level 10 in Hexes
 41053 | Snake:3  | Reached skill level 10 in Summonings
 41053 | Snake:3  | Reached skill level 10 in Necromancy
 41053 | Snake:3  | Reached skill level 10 in Translocations
 41053 | Snake:3  | Reached skill level 10 in Transmutations
 41053 | Snake:3  | Reached skill level 10 in Fire Magic
 41053 | Snake:3  | Reached skill level 10 in Ice Magic
 41053 | Snake:3  | Reached skill level 10 in Air Magic
 41053 | Snake:3  | Reached skill level 10 in Earth Magic
 41053 | Snake:3  | Reached skill level 10 in Poison Magic
 41061 | Snake:3  | Killed Vashnia
 41333 | Snake:3  | Found Neuriak's Magic Scroll Shop.
 41335 | Snake:3  | Found Cesykk's Magic Scroll Boutique.
 41335 | Snake:3  | Found Plog's Jewellery Shop.
 41340 | Snake:3  | Bought a scroll of fog for 60 gold pieces
 41340 | Snake:3  | Found Aficow's Magic Scroll Boutique.
 41357 | Snake:3  | Noticed Kirke
 41373 | Snake:3  | Killed Kirke
 41551 | Snake:3  | Bought a scroll of enchant armour for 97 gold pieces
 41551 | Snake:3  | Bought a scroll of magic mapping for 97 gold pieces
 41551 | Snake:3  | Bought a scroll of teleportation for 39 gold pieces
 41551 | Snake:3  | Bought a scroll of blinking for 97 gold pieces
 41915 | Snake:3  | Identified the +0 kite shield of the Dull God {rElec}
 41915 | Snake:3  | Noticed Asterion
 41932 | Snake:3  | Killed Asterion
 42267 | Snake:4  | Entered Level 4 of the Snake Pit
 43019 | Snake:4  | Reached skill level 14 in Invocations
 43684 | Snake:4  | Got a serpentine rune of Zot
 43736 | Snake:4  | Reached XP level 18. HP: 146/146 MP: 29/34
 43870 | Shoals:1 | Entered Level 1 of the Shoals
 43877 | Shoals:1 | Noticed Nikola
 44058 | Shoals:1 | Killed Nikola
 44409 | D:5      | Bought a fine glaive for 287 gold pieces
 44409 | D:5      | Identified the +7 glaive of Hubris {holy, MP+9} (You bought
                  | it in a shop on level 5 of the Dungeon)
 46630 | Shoals:3 | Found Gozaviane's Magic Scroll Emporium.
 46634 | Shoals:3 | Bought a scroll of teleportation for 33 gold pieces
 46634 | Shoals:3 | Bought a scroll of teleportation for 33 gold pieces
 46634 | Shoals:3 | Bought a scroll of enchant armour for 82 gold pieces
 46763 | Shoals:3 | Identified the +3 falchion "Veepn" {drain, rF+ Will+ Dex-5}
 46840 | Shoals:3 | Bought a scroll of summoning for 104 gold pieces
 47259 | Shoals:3 | Identified the +5 plate armour of Cowardice {Rampage rPois
                  | Int+2 SInv}
 47351 | Shoals:4 | Entered Level 4 of the Shoals
 47591 | Shoals:4 | Noticed Polyphemus
 47593 | Shoals:4 | Corrupted Shoals:4
 47599 | Shoals:4 | Killed Polyphemus
 47644 | Shoals:4 | Reached skill level 15 in Invocations
 47649 | Shoals:4 | Reached XP level 19. HP: 153/153 MP: 9/36
 48460 | Shoals:4 | Got a barnacled rune of Zot
 48916 | D:5      | Killed KelbiRefugee's ghost
 49022 | D:10     | Killed voltaire321's ghost
 49071 | D:10     | Bought a scroll of blinking for 225 gold pieces
 49078 | D:10     | Acquired 375 gold pieces
 49235 | Lair:1   | Killed Mahakala's ghost
 49446 | Lair:2   | Killed Cato's ghost
 49646 | Vaults:1 | Entered Level 1 of the Vaults
 50426 | Vaults:1 | Reached skill level 15 in Fighting
 50472 | Vaults:1 | Found a large runed translucent door.
 50472 | Vaults:1 | Found a large runed translucent door.
 50473 | Vaults:1 | Noticed Lianjan's ghost (adept GnWr)
 50474 | Vaults:1 | Noticed Wueresid's ghost (adept DEHW)
 51341 | Vaults:2 | Learned a level 5 spell: Lightning Bolt
 52031 | Vaults:2 | Reached XP level 20. HP: 140/162 MP: 17/37
 52198 | Vaults:2 | Learned a level 6 spell: Starburst
 52550 | Vaults:2 | Found a portal to a secret trove of treasure.
 52950 | Vaults:2 | Found a staircase to the Crypt.
 53213 | Vaults:3 | Noticed Bai Suzhen
 53574 | Vaults:3 | Learned a level 5 spell: Yara's Violent Unravelling
 53955 | Vaults:3 | Reached skill level 16 in Invocations
 54674 | Vaults:3 | Killed Bai Suzhen
 54675 | Vaults:3 | Reached skill level 15 in Axes
 54675 | Vaults:3 | Reached skill level 15 in Armour
 56363 | Vaults:4 | Reached XP level 21. HP: 108/170 MP: 14/39
 56558 | Vaults:4 | Identified the +8 long sword of Action {holy, rF+ Dex+3}
 57099 | Vaults:4 | Reached skill level 15 in Dodging
 58414 | Elf:1    | Entered Level 1 of the Elven Halls
 58756 | Elf:1    | Noticed Agnes
 58771 | Elf:1    | Killed Agnes
 59229 | Elf:1    | Found Myjiuto's Assorted Antiques.
 59237 | Elf:1    | Bought a scroll of enchant armour for 210 gold pieces
 59703 | Elf:1    | Identified the +0 long sword "Transmigrator" {vorpal,
                  | Int+7}
 59736 | Elf:1    | Reached skill level 15 in Short Blades
 59736 | Elf:1    | Reached skill level 15 in Long Blades
 59736 | Elf:1    | Reached skill level 15 in Maces & Flails
 59736 | Elf:1    | Reached skill level 15 in Polearms
 59736 | Elf:1    | Reached skill level 15 in Staves
 59736 | Elf:1    | Reached skill level 15 in Ranged Weapons
 59736 | Elf:1    | Reached skill level 15 in Throwing
 59736 | Elf:1    | Reached skill level 15 in Stealth
 59736 | Elf:1    | Reached skill level 15 in Shields
 59736 | Elf:1    | Reached skill level 15 in Unarmed Combat
 59736 | Elf:1    | Reached skill level 15 in Spellcasting
 59736 | Elf:1    | Reached skill level 15 in Evocations
 60443 | Elf:2    | Paralysed by an air elemental for 1 turns
 60577 | Elf:2    | Found Disseiclue's Book Emporium.
 60606 | Elf:2    | Bought a book of Unlife for 504 gold pieces
 60613 | Elf:2    | Learned a level 6 spell: Death Channel
 60685 | Elf:2    | Identified the +5 falchion of Durable Defiance {holy, *Slow
                  | Str+3 Int+4}
 60926 | Elf:2    | Found a runed translucent gate.
 60927 | Elf:2    | Found a runed translucent gate.
 60927 | Elf:2    | Found a runed translucent gate.
 60989 | Elf:2    | Reached skill level 17 in Invocations
 61197 | Elf:3    | Entered Level 3 of the Elven Halls
 61277 | Elf:3    | Found Letakymp's Weapon Boutique.
 61684 | Elf:3    | Paralysed by an air elemental for 1 turns
 61805 | Elf:3    | Reached XP level 22. HP: 178/179 MP: 9/41
 62594 | Elf:3    | Identified the ring "Raikhep" {*Slow rPois rF+ Will+ Dex+4}
 62864 | Elf:3    | Identified the +1 glaive of the Old World {freeze, Int+3}
 63119 | Elf:3    | Identified the +1 ring mail "Sex Mici" {rN+}
 63124 | Elf:3    | Identified the ring "Raror" {rC+ MP+9 Int+3}
 63395 | Elf:3    | Identified the +9 spear "Kasoapp" {vorpal, *Rage Will+
                  | Int+4 SInv}
 63458 | Elf:3    | Identified the +1 ring mail of Insecurity {Str-4 Int+4
                  | Slay+3}
 63522 | Elf:3    | Identified the +0 plate armour of Idealism {Harm rElec
                  | Regen+ Slay-2}
 63869 | Depths:1 | Entered Level 1 of the Depths
 64237 | Depths:1 | Found a gateway to Hell.
 64616 | Depths:1 | Found a shadowy altar of Dithmenos.
 65309 | Depths:1 | Found a one-way gateway to a ziggurat.
 65376 | Depths:1 | Got Sif Muna's Anthology of Intoxicating Unhallowed Rituals
 65581 | Depths:1 | Reached XP level 23. HP: 146/187 MP: 10/42
 65717 | Depths:1 | Noticed a juggernaut
 65717 | Depths:1 | Noticed a juggernaut
 66360 | Depths:2 | Got the Excursus on the Gathered Winter
 66551 | Depths:2 | Reached skill level 18 in Invocations
 67179 | Depths:2 | Identified the amulet "Utionn" {Acrobat rCorr Str+6 SInv}
 67646 | Depths:2 | Found a one-way gate leading to the halls of Pandemonium.
 67823 | Depths:3 | You fall into a shaft and drop 1 floor!
 67823 | Depths:4 | Entered Level 4 of the Depths
 67833 | Depths:4 | Found the +13 scythe of Curses {drain, Drain}
 67864 | Depths:3 | Found a one-way gate to the infinite horrors of the Abyss.
 67864 | Depths:3 | Noticed Louise
 68267 | Slime:1  | Entered Level 1 of the Pits of Slime
 68795 | Slime:1  | You fall into a shaft and drop 1 floor!
 68822 | Slime:2  | Gained mutation: Your spells are a little easier to cast,
                  | but a little less powerful. [a shining eye]
 69573 | Slime:5  | Entered Level 5 of the Pits of Slime
 69998 | Slime:5  | Noticed the Royal Jelly
 70092 | Slime:5  | Reached XP level 24. HP: 170/197 MP: 42/43
 70452 | Slime:5  | Gained mutation: You are frail. (-10% HP) [a shining eye]
 70569 | Slime:5  | Found a viscous altar of Jiyva.
 71252 | Abyss:1  | Killed Maggie
 72005 | Abyss:2  | Paralysed by accursed screaming for 1 turns
 72363 | Abyss:2  | Found a corrupted altar of Lugonu.
 72519 | Abyss:3  | Found a corrupted altar of Lugonu.
 72555 | Abyss:3  | Found a corrupted altar of Lugonu.
 72615 | Abyss:4  | Paralysed by accursed screaming for 2 turns
 72637 | Abyss:4  | Got an abyssal rune of Zot
 72638 | Vaults:4 | Escaped the Abyss
 72772 | Vaults:2 | Lost mutation: Your spells are a little easier to cast, but
                  | a little less powerful. [potion of mutation]
 72772 | Vaults:2 | Lost mutation: You have large cloven feet. [potion of
                  | mutation]
 72772 | Vaults:2 | Lost mutation: You are frail. (-10% HP) [potion of
                  | mutation]
 72772 | Vaults:2 | Gained mutation: Your natural rate of healing is unusually
                  | fast. [potion of mutation]
 72772 | Vaults:2 | Gained mutation: You have a pair of small antennae on your
                  | head. [potion of mutation]
 72772 | Vaults:2 | Gained mutation: You are strong-willed. (Will+) [potion of
                  | mutation]
 73031 | Orc:2    | Bought a book of Power for 630 gold pieces
 73035 | Orc:2    | Learned a level 3 spell: Spider Form
 73042 | Orc:2    | Learned a level 6 spell: Iron Shot
 73250 | Snake:3  | Bought a scroll of amnesia for 52 gold pieces
 73250 | Snake:3  | Bought a scroll of acquirement for 676 gold pieces
 73254 | Snake:3  | Acquired the Vellum of Clouds
 73636 | Depths:3 | Noticed Parghit
 73925 | Depths:3 | Found a viscous altar of Jiyva.
 74461 | Depths:3 | Reached skill level 19 in Invocations
 74506 | Depths:3 | Found Woajufeorgh's General Store.
 74511 | Depths:3 | Found Naetecw's Armour Boutique.
 74515 | Depths:3 | Bought a potion of haste for 220 gold pieces
 74523 | Depths:3 | Bought a potion of berserk rage for 110 gold pieces
 74540 | Depths:3 | Killed Louise
 75164 | Depths:3 | Reached XP level 25. HP: 190/204 MP: 31/44
 75292 | Depths:4 | Learned a level 8 spell: Maxwell's Capacitive Coupling
 75653 | Slime:5  | Killed the Royal Jelly
 76395 | Slime:5  | Identified the ring "Piunun" {Wiz Slay+5 Stlth+}
 76463 | Slime:5  | Identified the ring "Oggiunk" {Ice rElec Str+4 Int+3 Dex+3}
 76479 | Slime:5  | Identified the +3 ring mail of Happy Babbling {rPois}
 76531 | Slime:5  | Got a slimy rune of Zot
 76551 | Slime:5  | Identified the +6 chain mail "Woxot" {Dex+3}
 76950 | Vaults:5 | Entered Level 5 of the Vaults
 76951 | Vaults:5 | Corrupted Vaults:5
 77016 | Vaults:5 | Noticed Mara
 77022 | Vaults:5 | Noticed ShnitzelX2's illusion
 77423 | Vaults:5 | Gained mutation: You sometimes lose your temper in combat.
                  | [mutagenic glow]
 77729 | Vaults:5 | Reached skill level 15 in Conjurations
 77729 | Vaults:5 | Reached skill level 15 in Hexes
 77729 | Vaults:5 | Reached skill level 15 in Summonings
 77729 | Vaults:5 | Reached skill level 15 in Necromancy
 77729 | Vaults:5 | Reached skill level 15 in Translocations
 77729 | Vaults:5 | Reached skill level 15 in Transmutations
 77729 | Vaults:5 | Reached skill level 15 in Fire Magic
 77729 | Vaults:5 | Reached skill level 15 in Ice Magic
 77729 | Vaults:5 | Reached skill level 15 in Air Magic
 77729 | Vaults:5 | Reached skill level 15 in Earth Magic
 77729 | Vaults:5 | Reached skill level 15 in Poison Magic
 78298 | Vaults:5 | Identified the +3 morningstar "Vaer Nay" {freeze, Dex+2
                  | Stlth+}
 78420 | Vaults:5 | Noticed an ancient lich
 78420 | Vaults:5 | Identified the +7 morningstar of Beogh's Benevolence
                  | {drain, rPois}
 78426 | Vaults:5 | Killed an ancient lich
 78786 | Vaults:5 | Noticed an ancient lich
 78802 | Vaults:5 | Identified the +8 flail of the Valley of Death {flame,
                  | *Slow Int+10 Dex+6 SInv}
 78809 | Vaults:5 | Killed an ancient lich
 78877 | Vaults:5 | Got the Almanac of Battling
 79317 | Vaults:5 | Reached XP level 26. HP: 207/207 MP: 33/44
 79883 | Vaults:5 | Got the Directory of Glaciation and Generation
 79885 | Vaults:5 | Got a silver rune of Zot
 80244 | Vaults:5 | Found the +3 crown of Dyrovepreva {rElec Int+2 SInv}
 80249 | Vaults:5 | Found the +9 staff of Olgreb {rPois∞}
 80307 | Vaults:5 | Got the Tome of Rime and the Pyromaniac
 80496 | Vaults:5 | Noticed ShnitzelX2's illusion
 80555 | Vaults:5 | Killed Mara
 80801 | Depths:4 | Reached skill level 20 in Invocations
 80849 | Depths:4 | Found a hide-covered altar of Uskayaw.
 81153 | Depths:4 | Identified the ring of Fun {rC+ Str+2 Dex+6}
 81269 | Depths:4 | Noticed Sojobo
 81284 | Depths:4 | Killed Sojobo
 81338 | Depths:4 | Learned a level 8 spell: Ignition
 81468 | Depths:4 | Found a transporter.
 81472 | Depths:4 | Identified the +0 robe of Dogolar {rElec}
 81577 | Depths:4 | Identified the ring of the Sybil {Wiz rF- Int+4 Dex+3}
 81704 | Depths:4 | Noticed a juggernaut
 81725 | Depths:4 | Killed a juggernaut
 81775 | Depths:4 | Acquired the Spellbook of Translocated Transmigration
 81829 | Depths:4 | Found a transporter.
 82046 | Depths:4 | Identified the ring "Ekhladaf" {Fly rN+ AC+4}
 82319 | Depths:4 | Found a gate to the Realm of Zot.
 82692 | Zot:1    | Entered Level 1 of the Realm of Zot
 82934 | Zot:1    | Found a transporter.
 82937 | Zot:1    | Found a transporter.
 82940 | Zot:1    | Noticed Jofris Vesimp's ghost (legendary GnFE)
 83927 | Zot:2    | You fall into a shaft and drop 1 floor!
 84070 | Zot:2    | Noticed an orb of fire
 84076 | Zot:2    | Killed an orb of fire
 84252 | Zot:2    | Reached XP level 27. HP: 222/222 MP: 22/45
 84534 | Zot:2    | Found the ring of the Mage {Wiz Archmagi}
 87223 | Zot:5    | Entered Level 5 of the Realm of Zot
 87299 | Zot:5    | Noticed an orb of fire
 87501 | Hell     | Entered the Vestibule of Hell
 87501 | Hell     | Noticed Geryon
 87682 | Hell     | Reached skill level 21 in Invocations
 87971 | Hell     | Killed Geryon
 88138 | Hell     | Found a gateway to the decaying netherworld of Tartarus.
 88436 | Hell     | Found a gateway to the Iron City of Dis.
 88508 | Hell     | Found a gateway to the ashen valley of Gehenna.
 88681 | Hell     | Found a gateway to the freezing wastes of Cocytus.
 88760 | Coc:1    | Entered Level 1 of Cocytus
 89779 | Depths:3 | Killed Parghit
 90174 | Coc:2    | Noticed a dread lich
 90238 | Coc:2    | Killed a dread lich
 90583 | Crypt:1  | Entered Level 1 of the Crypt
 91485 | Coc:3    | Paralysed by a wendigo for 1 turns
 91758 | Coc:4    | Gained mutation: Your body sometimes deteriorates upon
                  | taking damage. [mutagenic glow]
 92830 | Crypt:2  | Identified the +10 trident of Cheese {speed, Dex+3}
 93040 | Crypt:2  | Lost mutation: Your natural rate of healing is unusually
                  | fast. [potion of mutation]
 93040 | Crypt:2  | Lost mutation: You sometimes lose your temper in combat.
                  | [potion of mutation]
 93040 | Crypt:2  | Gained mutation: You have a pair of antennae on your head.
                  | [potion of mutation]
 93041 | Crypt:2  | Lost mutation: You have a pair of antennae on your head.
                  | [potion of mutation]
 93041 | Crypt:2  | Lost mutation: Your body sometimes deteriorates upon taking
                  | damage. [potion of mutation]
 93041 | Crypt:2  | Gained mutation: You have an increased reservoir of magic.
                  | (+10% MP) [potion of mutation]
 93041 | Crypt:2  | Gained mutation: Your system is resistant to poisons.
                  | (rPois) [potion of mutation]
 93041 | Crypt:2  | Gained mutation: You passively map a small area around you.
                  | [potion of mutation]
 93041 | Crypt:2  | Gained mutation: Your movements are slightly less
                  | encumbered by armour. (ER -2) [potion of mutation]
 93511 | Crypt:2  | Found the +12 glaive of Prune {vorpal}
 93680 | Crypt:3  | Entered Level 3 of the Crypt
 94178 | Abyss:4  | Cast into level 4 of the Abyss (skeletal warrior)
 94179 | Crypt:3  | Escaped the Abyss
 94590 | Crypt:3  | Found an ancient bone altar of Kikubaaqudgha.
 94700 | Crypt:3  | Noticed a dread lich
 94710 | Crypt:3  | Killed a dread lich
 94745 | Crypt:3  | Identified the ring of Erisat {Ice Will+}
 94745 | Crypt:3  | Noticed Josephina
 94753 | Crypt:3  | Killed Josephina
 94864 | Crypt:3  | Found a staircase to the Tomb.
 95070 | Tomb:1   | Entered Level 1 of the Tomb of the Ancients
 95517 | Coc:4    | Reached skill level 22 in Invocations
 95641 | Coc:5    | You are sucked into a shaft and drop 1 floor!
 95870 | Coc:5    | Noticed an ancient lich
 95883 | Coc:5    | Killed an ancient lich
 95888 | Coc:5    | HP: 2/219 [elemental wellspring/torrent of water (47)]
 95894 | Hell     | HP: 2/219 [titan/the air (31)]
 96067 | Depths:4 | Upgraded the game from 0.29.0-4-gdea44cf6ec to
                  | 0.29.0-5-ge4962eb29e
 96406 | Elf:2    | Bought a Necronomicon for 784 gold pieces
 96415 | Elf:2    | Learned a level 8 spell: Necromutation
 96661 | Snake:3  | Bought the ring "Lemitunt" {*Slow rPois rF+++ Will+ EV+4}
                  | for 1726 gold pieces
 97218 | Zot:5    | Found a large runed translucent door.
 97218 | Zot:5    | Found a large runed translucent door.
 97222 | Zot:5    | Noticed Muataran's ghost (veteran MiMo)
 97222 | Zot:5    | Found the ring of Shadows {Umbra +Inv Stlth+}
 97347 | Zot:5    | Killed an orb of fire
 97929 | Zot:5    | Noticed a dread lich
 97934 | Zot:5    | Killed a dread lich
 97942 | Zot:5    | Noticed an orb of fire
 97947 | Zot:5    | Killed an orb of fire
 98010 | Zot:5    | Noticed an ancient lich
 98020 | Zot:5    | Killed an ancient lich
 98235 | Zot:5    | Noticed a dread lich
 98240 | Zot:5    | Killed a dread lich
 98513 | Zot:5    | Noticed an orb of fire
 98516 | Zot:5    | Demolished by an Orb Guardian

Illustrated notes

Levels and vault maps discovered:
D:1:      dpeg_arrival_rooms_with_view, layout_basic
D:2:      layout_basic, dreamdust_mushroom_princess, mrwooster_statue_mirror,
          uniq_natasha
D:3:      cheibrodos_helix_gallery, layout_loops_corners,
          chequers_serial_rivers_room_a, nicolae_titane
D:4:      layout_loops_ring, mainiacjoe_overflow_brackets, elyvilon_altar_3
D:5:      lemuel_castle_with_subvaults [lemuel_castle_interior_carwin_2],
          layout_gridville, nicolae_kikubaaqudgha_miasma_corner,
          jmf_multi_god_temple2, kennysheep_little_box,
          ebering_ghost_inner_flame, serial_shops, nicolae_shop_stone,
          hangedman_decor_diamond_cutter, corexii_checkpoint_a, uniq_ijyb
D:6:      layout_basic, minmay_temple_entry_junction, doesnt_shop_hydraphobe,
          uniq_pikel
D:7:      layout_loops_cross, mainiacjoe_overflow_six_doors_small,
          mainiacjoe_overflow_concentric_impassable, serial_shops,
          nicolae_shop_statue_plus, nrook_loot_triangle,
          roderic_serpentine_path, chequers_serial_rivers_marsh,
          roderic_st_hans_cross, uniq_maggie
D:8:      layout_loops_cross, nemelex_spade_bored_becter,
          mainiacjoe_overflow_surrounded_room
D:9:      minmay_bloctagon_deflated, layout_irregular_city, trog_antimagical
D:10:     layout_cave_pools, tso_oasis_becter, fedhas_altar_2,
          ebering_ghost_gozag, minivault_26, chequers_jeans, wad_mini_maze
D:11:     layout_cave_pools, david_lair_shrubbed, portal_ice_cave_rime,
          nicolae_diode_basic
D:12:     minmay_the_grid_four_pointed_star
          [minmay_the_grid_triangle_9x9_descending_squares,
          minmay_the_grid_triangle_9x9_intruding_spiral,
          minmay_the_grid_triangle_9x9_odd_lines,
          minmay_the_grid_triangle_9x9_pentomino_pain,
          minmay_the_grid_prize_diamond_cup], layout_long_grid, orc_0_dummy
D:13:     layout_layer_cave, hex_tiny
D:14:     layout_stronghold, hangedman_vaults_entry_quadrant_bands
D:15:     gammafunk_enter_depths_forms, layout_long_grid
Temple:   hellmonk_temple_divided_pantheon
Lair:1:   layout_long_grid, nzn_ghost_randoct, pond, grunt_megastairs_2
Lair:2:   layout_regular_city, minmay_snake_entry_guardpost_medium,
          maelrawn_ghost_gauntlet_escape
Lair:3:   layout_chaotic_city, minmay_shoals_entry_centaurs,
          lemuel_fruit_fields, serial_bayou_shore_b, lemuel_fruit_tree,
          serial_bayou_shore_a
Lair:4:   layout_gridlike, minmay_slime_entry_pillars,
          grunt_forest_small_clearings
Lair:5:   hangedman_lair_tendril_chambers, layout_concentric_octagons,
          guppyfry_lair_end_dragon
Shoals:1: cheibrodos_shoals_three_sisters, layout_shoals, uniq_nikola
Shoals:2: layout_shoals
Shoals:3: layout_shoals, serial_shops, nicolae_shop_hallway_stairs
Shoals:4: shoals_end_grunt_ice, layout_shoals, uniq_polyphemus
Snake:1:  layout_misc_corridors, basic_altar, hangedman_snake_pattern,
          uniq_donald, uniq_roxanne
Snake:2:  layout_grid_shapes, serial_bayou_shore_b
Snake:3:  layout_misc_corridors, nicolae_stop_n_shop_2,
          nicolae_snake_slithery_corners, st_stairs_2, drop_trap,
          minmay_shoptagon, uniq_vashnia, uniq_kirke, uniq_asterion
Snake:4:  grunt_snake_rune_serpentine_throne, layout_misc_corridors
Slime:1:  layout_caves
Slime:2:  layout_caves
Slime:3:  layout_caves
Slime:4:  layout_caves, cheibrodos_slime_lost_civilization_7
Slime:5
Orc:1:    layout_caves, lemuel_statue_altar, guppyfry_library_mini, uniq_snorg
Orc:2:    grunt_orc_cross, layout_caves, mines_bat_river
Elf:1:    minmay_elf_arrival_plus, layout_onion_city, serial_shops,
          nicolae_shop_hallway_stairs, evilmike_minifort, uniq_agnes
Elf:2:    nicolae_elf_blades_crystal_corner, layout_gridlike, serial_shops,
          nicolae_shop_waterfront, st_stairs_11
Elf:3:    minmay_elf_hall_x, layout_geoelf_octagon, special_room
          [special_room_mythical_zoo], serial_shops, shop
Vaults:1: advil_vaults_ghost_guards, v_misc_9, ontoclasm_vaults_idyll,
          hangedman_vaults_capsules, vaults_room_fancy_cross, v_misc_27,
          nicolae_vaults_theta, layout_vaults_chaotic_city
Vaults:2: minmay_crypt_entry_nasty_monster, v_misc_27, nicolae_vaults_alarming,
          vaults_mumra_hexcomb, nicolae_vaults_little_squares_1,
          layout_vaults_omnigrid, enter_trove_6
Vaults:3: v_pattern_4, ontoclasm_vaults_spin, nicolae_vaults_what_the_h,
          v_rooms_5, vaults_dpeg_hooks, vaults_room_hangedman_quadrants,
          nicolae_vaults_little_squares_4, vaults_mumra_chevron_long, v_misc_10,
          ontoclasm_vaults_loading_screen, vaults_room_semicircle, v_misc_22,
          dpeg_vaults_monster_row, layout_vaults_omnicross, uniq_bai_suzhen
Vaults:4: v_misc_28, vaults_mumra_minichess_inversion, hangedman_vaults_corner,
          v_misc_29, hangedman_vaults_corner_blocks, v_pattern_5,
          hangedman_vaults_impose, v_misc_2, grunt_vaults_diagonal,
          vaults_dpeg_ring, ontoclasm_vaults_twist, vaults_room_hallway,
          layout_vaults_ring
Vaults:5: uniq_margery, uniq_mara
Crypt:1:  layout_chaotic_city, grunt_crypt_arrival_webbed, grunt_megastairs_5
Crypt:2:  layout_chaotic_city, amcnicky_mini_corridor_feature
Crypt:3:  cryptofortress_bobbens, uniq_josephina
Tomb:1
Depths:1: kennysheep_water_balloons, layout_cave_pools, enter_ziggurat_c,
          serial_bayou, serial_bayou_pond_a, serial_bayou_pond_a,
          serial_bayou_lagoon_b, serial_bayou_crossing,
          chequers_serial_rivers_micro_b, hell_entry, special_room
          [special_room_magic_class], kennysheep_another_room,
          nicolae_dithmenos_shadow_blocks
Depths:2: grunt_double_whammy, layout_gridlike, chequers_serial_rivers_micro_a,
          grunt_metal_band, rand_demon_pan_entry_4
Depths:3: minmay_bubble_buster, layout_cave_pools, special_room
          [special_room_jelly], hell_entry,
          nicolae_abyss_entry_one_way_or_another,
          serial_sigils_hangedman_clutch, rand_demon_pan_entry_1,
          infiniplex_staircase_zigzag_5, minmay_shop_star, uniq_parghit
Depths:4: hangedman_spin_cycle, hell_entry, abyss_entry
Hell
Coc:1:    layout_cocytus_water_paths
Coc:2:    layout_cocytus_water_paths
Coc:3:    layout_ice_bergs
Coc:4:    layout_ice_bergs
Coc:5:    layout_ice_bergs
Coc:6:    layout_ice_bergs
Zot:1:    layout_gridlike, gammafunk_ghost_arena, grunt_megastairs_4
Zot:2:    layout_basic
Zot:3:    grunt_zot_stairs_overgrown, layout_gridlike, lemuel_elevator
Zot:4:    layout_twisted_circle
Zot:5:    layout_basic, ebering_ghost_disaster_area, st_stairs_3,
          skrybe_zot_glass_1

Skill      XL: |  1  2  3  4  5  6  7  8  9 10 11 12 13 14 15 16 17 18 19 20 21 22 23 24 25 26 27 |
---------------+----------------------------------------------------------------------------------+-----
Short Blades   | 1 2 3 4 5 6 7 8 9 10 11 12 13 14 15 16 17 18 20 | 20.4
Long Blades    | 1 2 3 4 5 6 7 8 9 10 11 12 13 14 15 16 17 18 20 | 20.4
Maces & Flails | 1 2 3 4 5 6 7 8 9 10 11 12 13 14 15 16 17 18 20 | 20.4
Polearms       | 1 2 3 4 5 6 7 8 9 10 11 12 13 14 15 16 17 18 20 | 20.4
Staves         | 1 2 3 4 5 6 7 8 9 10 11 12 13 14 15 16 17 18 20 | 20.4
Ranged Weapons | 1 2 3 4 5 6 7 8 9 10 11 12 13 14 15 16 17 18 20 | 20.4
Throwing       | 1 2 3 4 5 6 7 8 9 10 11 12 13 14 15 16 17 18 20 | 20.4
Stealth        | 1 2 3 4 5 6 7 8 9 10 11 12 13 14 15 16 17 18 20 | 20.4
Shields        | 1 2 3 4 5 6 7 8 9 10 11 12 13 14 15 16 17 18 20 | 20.4
Unarmed Combat | 1 2 3 4 5 6 7 8 9 10 11 12 13 14 15 16 17 18 20 | 20.4
Spellcasting   | 1 2 3 4 5 6 7 8 9 10 11 12 13 14 15 16 17 18 20 | 20.4
Evocations     | 1 2 3 4 5 6 7 8 9 10 11 12 13 14 15 16 17 18 20 | 20.4
Conjurations   | 1 2 3 4 5 6 7 8 9 10 11 12 13 14 15 17 | 17.5
Hexes          | 1 2 3 4 5 6 7 8 9 10 11 12 13 14 15 17 | 17.5
Summonings     | 1 2 3 4 5 6 7 8 9 10 11 12 13 14 15 17 | 17.5
Necromancy     | 1 2 3 4 5 6 7 8 9 10 11 12 13 14 15 17 | 17.5
Translocations | 1 2 3 4 5 6 7 8 9 10 11 12 13 14 15 17 | 17.5
Transmutations | 1 2 3 4 5 6 7 8 9 10 11 12 13 14 15 17 | 17.5
Fire Magic     | 1 2 3 4 5 6 7 8 9 10 11 12 13 14 15 17 | 17.5
Ice Magic      | 1 2 3 4 5 6 7 8 9 10 11 12 13 14 15 17 | 17.5
Air Magic      | 1 2 3 4 5 6 7 8 9 10 11 12 13 14 15 17 | 17.5
Earth Magic    | 1 2 3 4 5 6 7 8 9 10 11 12 13 14 15 17 | 17.5
Poison Magic   | 1 2 3 4 5 6 7 8 9 10 11 12 13 14 15 17 | 17.5
Dodging        | 3 4 5 6 7 8 9 10 11 12 13 14 15 16 17 18 20 | 20.6
Invocations    | 5 6 7 8 9 10 11 12 13 14 15 16 17 18 19 20 22 | 22.4
Axes           | 5 6 7 8 9 10 11 12 13 14 15 16 17 18 19 20 | 20.8
Armour         | 5 6 7 8 9 10 11 12 13 14 15 16 17 18 19 20 | 20.8
Fighting       | 7 8 9 10 11 12 13 14 15 16 17 18 19 21 | 21.2

Action                   |  1- 3 |  4- 6 |  7- 9 | 10-12 | 13-15 | 16-18 | 19-21 | 22-24 | 25-27 || total
-------------------------+-------+-------+-------+-------+-------+-------+-------+-------+-------++-------
Melee: Hand axe          |    78 |    65 |       |       |   712 |   769 |  1201 |  1398 |  1110 ||  5333
       Bite              |    13 |     6 |    37 |   114 |   122 |   116 |   217 |   328 |   327 ||  1280
       Punch             |     2 |     4 |     7 |     2 |       |       |       |       |       ||    15
       War axe           |       |    40 |   317 |   805 |    65 |       |     8 |       |       ||  1235
       Sling             |       |       |       |     3 |       |       |       |       |       ||     3
       Flail             |       |       |       |       |       |       |       |    51 |       ||    51
       Long sword        |       |       |       |       |       |       |       |    67 |   193 ||   260
 Fire: Sling             |       |    49 |   185 |    94 |   267 |   278 |   168 |    90 |   232 ||  1363
Throw: Boomerang         |     2 |     7 |     2 |     4 |       |       |       |       |       ||    15
       Dart              |       |       |       |     6 |       |       |       |       |       ||     6
       Throwing net      |       |       |       |     1 |     1 |     2 |     2 |       |       ||     6
       Javelin           |       |       |       |       |       |       |       |     3 |       ||     3
 Cast: Call Canine Famil |       |       |       |     7 |     3 |     1 |       |     3 |       ||    14
       Inner Flame       |       |       |       |     3 |   146 |    95 |   139 |    65 |    86 ||   534
       Mephitic Cloud    |       |       |       |     2 |    34 |    10 |     5 |    20 |     8 ||    79
       Call Imp          |       |       |       |     1 |       |       |       |       |       ||     1
       Ozocubu's Armour  |       |       |       |       |     5 |       |       |       |       ||     5
       Fireball          |       |       |       |       |    28 |    78 |    45 |       |       ||   151
       Freezing Cloud    |       |       |       |       |    16 |    69 |    27 |    79 |    64 ||   255
       Dispel Undead     |       |       |       |       |     6 |     6 |       |    28 |   237 ||   277
       Blink             |       |       |       |       |     6 |     3 |    10 |     6 |    23 ||    48
       Manifold Assault  |       |       |       |       |       |     7 |    15 |       |       ||    22
       Lightning Bolt    |       |       |       |       |       |       |    58 |    39 |    30 ||   127
       Starburst         |       |       |       |       |       |       |    58 |   105 |    87 ||   250
       Yara's Violent Un |       |       |       |       |       |       |    18 |    52 |    56 ||   126
       Death Channel     |       |       |       |       |       |       |       |     2 |     2 ||     4
       Iron Shot         |       |       |       |       |       |       |       |     4 |    83 ||    87
       Maxwell's Capacit |       |       |       |       |       |       |       |       |   120 ||   120
       Ignition          |       |       |       |       |       |       |       |       |    69 ||    69
       Necromutation     |       |       |       |       |       |       |       |       |     1 ||     1
Invok: Bend Space        |       |     1 |     2 |     3 |     2 |     1 |     1 |     1 |     2 ||    13
       Banish            |       |       |     1 |     8 |     6 |     1 |       |     4 |     3 ||    23
       Corrupt           |       |       |       |       |       |     1 |       |       |     1 ||     2
       Depart the Abyss  |       |       |       |       |       |       |       |     1 |     1 ||     2
       Enter the Abyss   |       |       |       |       |       |       |       |     1 |       ||     1
Evoke: Wand              |       |       |     5 |    18 |    14 |    13 |     5 |     5 |     8 ||    68
       Phial of floods   |       |       |       |       |     1 |     1 |     1 |       |       ||     3
       Lightning rod     |       |       |       |       |       |     3 |       |     2 |     2 ||     7
       Box of beasts     |       |       |       |       |       |       |     1 |     2 |       ||     3
       Tin of tremorston |       |       |       |       |       |       |     1 |     1 |       ||     2
       Horn of Geryon    |       |       |       |       |       |       |       |       |     1 ||     1
       Condenser vane    |       |       |       |       |       |       |       |       |     1 ||     1
  Use: Scroll            |       |       |    10 |    14 |    12 |    10 |    10 |    18 |    24 ||    98
       Potion            |       |       |     4 |     3 |     6 |     3 |     1 |     8 |    17 ||    42
 Stab: Sleeping          |       |       |     1 |       |     3 |     6 |     2 |     9 |    12 ||    33
       Confused          |       |       |       |     2 |    33 |    10 |     1 |     3 |    10 ||    59
       Distracted        |       |       |       |     1 |       |     1 |     3 |     5 |     6 ||    16
       Invisible         |       |       |       |       |       |       |       |       |     1 ||     1
Armor: Leather armour    |     3 |       |       |       |       |       |       |       |       ||     3
       Scale mail        |     7 |       |       |       |    39 |   267 |   372 |   448 |   733 ||  1866
       Chain mail        |    23 |    65 |   200 |   828 |   300 |       |       |       |       ||  1416
Dodge: Dodged            |    38 |    54 |   143 |   388 |   260 |   220 |   303 |   513 |   820 ||  2739
Block: Buckler           |       |       |       |   384 |   461 |       |       |       |       ||   845
       Reflection        |       |       |       |       |    42 |   157 |   107 |    18 |       ||   324
       Tower shield      |       |       |       |       |   110 |   995 |  1223 |  1433 |  1653 ||  5414
